 Dungeon Crawl Stone Soup version 0.28-a0-309-gf6d37e6e1d (webtiles) character file.

Game seed: 12546829429292794742

24 Kala the Skirmisher (level 2, 27/27 HPs)
             Began as a Draconian Cinder Acolyte on Aug 30, 2021.
             Was a High Priest of Ignis.
             Quit the game on level 1 of the Dungeon.
             The game lasted 00:11:20 (1183 turns).

Kala the Skirmisher (Draconian Cinder Acolyte)      Turns: 1183, Time: 00:11:21

Health: 27/27      AC:  4    Str: 17    XL:     2   Next: 79%
Magic:  3/3        EV: 11    Int: 13    God:    Ignis [*****.]
Gold:   12         SH:  0    Dex:  6    Spells: 2/3 levels left

rFire   + . .      SeeInvis .   a - -1 mace (flame)
rCold   . . .      Faith    .   (no shield)
rNeg    . . .      Spirit   .   (armour unavailable)
rPois   .          Reflect  .   (helmet restricted)
rElec   .          Harm     .   (no cloak)
rCorr   .          Rampage  .   (no gloves)
Will    .....                   (no boots)
Stlth   +.........              (no amulet)
HPRegen 0.09/turn               (no ring)
MPRegen 0.08/turn               (no ring)

@: no status effects
A: AC +4, unfitting armour, cold-blooded
a: Renounce Religion, Sea of Fire, Foxfire Swarm, Rising Flame


You were on level 1 of the Dungeon.
You worshipped Ignis.
Ignis was extremely pleased with you.
You visited 1 branch of the dungeon, and saw 1 of its levels.

You collected 12 gold pieces.

Inventory:

Hand Weapons
 a - a -1 mace of flaming (weapon)
Missiles
 b - a throwing net
Jewellery
 c - an amulet of faith


   Skills:
 + Level 3.8 Fighting
 + Level 3.4 Maces & Flails
 + Level 0.1 Dodging
 + Level 1.0 Spellcasting
 + Level 0.2 Conjurations
 + Level 1.2 Fire Magic


You had 2 spell levels left.
You knew the following spells:

 Your Spells              Type           Power      Damage    Failure   Level
a - Foxfire               Conj/Fire      8%         2x1d4     22%         1

Your spell library contained the following spells:

 Spells                   Type           Power      Damage    Failure   Level


Dungeon Overview and Level Annotations

Branches:
Dungeon (1/15)

Altars:


Innate Abilities, Weirdness & Mutations

Your plain brown scales are hard. (AC +4)
You cannot fit into any form of body armour.
You are cold-blooded and may be slowed by cold attacks.


Message History

You barely miss the hobgoblin. The hobgoblin hits you.
You hit the hobgoblin. You burn the hobgoblin.
You kill the hobgoblin!
You miss the frilled lizard.
The frilled lizard bites you but does no damage.
You closely miss the frilled lizard.
The frilled lizard bites you but does no damage.
The frilled lizard barely misses you.
You closely miss the frilled lizard.
The frilled lizard bites you but does no damage.
You barely miss the frilled lizard. The frilled lizard bites you.
You closely miss the frilled lizard.
The frilled lizard bites you but does no damage.
You miss the frilled lizard.
Your tail-slap misses the frilled lizard.
The frilled lizard misses you.
You hit the frilled lizard. You burn the frilled lizard.
You kill the frilled lizard!
No target in view!
Unknown command.
Unknown command.
Unknown command.
Unknown command.
Unknown command.
Unknown command.
Your -1 mace of flaming stops flaming.
You are now empty-handed.
Your -1 mace of flaming bursts into flame!
a - a -1 mace of flaming (weapon)
Your -1 mace of flaming stops flaming.
You are now empty-handed.
Your -1 mace of flaming bursts into flame!
a - a -1 mace of flaming (weapon)
Your -1 mace of flaming stops flaming.
You are now empty-handed.
Your -1 mace of flaming bursts into flame!
a - a -1 mace of flaming (weapon)
Okay, then.
You start resting.
HP restored.
Unknown command.
Unknown command.
Are you sure you want to abandon this character and quit the game? (Confirm with "yes".)

.#.........#
#.# .# #.#
.#..######.#
#.# #.# P...#
#.# #†# .#..#
# #)# #.#
.#..# ##. #.#
#.# ###.#
.... #.# #.#
....# .....
#.# #.# #####
......#####.#
#(.
.......†@...#
###
......#######
..... ....
###


There were no monsters in sight!

Vanquished Creatures
  2 bats (D:1)
  3 endoplasms (D:1)
  A giant cockroach (D:1)
  2 goblins (D:1)
  3 hobgoblins (D:1)
  A quokka (D:1)
  3 ball pythons (D:1)
  A frilled lizard (D:1)
  2 kobolds (D:1)
  4 rats (D:1)
22 creatures vanquished.

Vanquished Creatures (others)
  5 foxfires (D:1)
  5 fungi (D:1)
  7 plants (D:1)
17 creatures vanquished.

Grand Total: 39 creatures vanquished

Notes
Turn   | Place    | Note
-------+----------+-------------------------------------------
     0 | D:1      | Kala the Draconian Cinder Acolyte began the quest for the
                  | Orb.
     0 | D:1      | Reached XP level 1. HP: 19/19 MP: 2/2
   422 | D:1      | Reached XP level 2. HP: 26/26 MP: 3/3
   435 | D:1      | Found a faded altar of an unknown god.
  1183 | D:1      | Quit the game

Illustrated notes

Levels and vault maps discovered:
D:1:      heliophobic_arrival_battle_scene, layout_loops_ring,
          shapermc_ecumenical_altar_mp_urbaneastern

Action                   || total
-------------------------++-------
Melee: Mace              ||    75
       Tailslap          ||     3
 Cast: Foxfire           ||     3
  Use: Scroll            ||     3
Armor: Skin              ||    16
Dodge: Dodged            ||    34

Table legend: (Time is in decaauts)
 A = Elapsed time spent in this place.
 B = Non-inter-level travel time spent in this place.
 C = Inter-level travel time spent in this place.
 D = Time resting spent in this place.
 E = Time spent auto-exploring this place.
 F = Levels seen in this place.
 G = Mean time per level.
                   A        B        C        D        E       F      G
               +--------+--------+--------+--------+--------+-----+--------+
         Total |   1197 |   1194 |      3 |    278 |    718 |   1 | 1197.0 |
       Dungeon |   1197 |   1194 |      3 |    278 |    718 |   1 | 1197.0 |
               +--------+--------+--------+--------+--------+-----+--------+

Top non-repeatable levels by time:
     D:1: 1197 daAuts
